Rampage vs Devils

Created - Wednesday, March 09, 2016 at 04:08

Goals
1 2 3 OT1 SO T
Rampage 0 0 1 0 0 1
Devils 0 0 1 0 1 2
Shots
1 2 3 OT1 SO T
Rampage 10 4 12 0 3 26
Devils 6 6 16 3 2 31

1st period

No Goal

Penalties :
No Penalty

2nd period

No Goal

Penalties :
Garrett Thompson (ALB) for Fighting (Major) at 0:18, Christian Thomas (SAN) for Fighting (Major) at 0:18, Sena Acolatse (ALB) for Holding (Minor) at 0:37, Garrett Thompson (ALB) for Fighting (Major) at 7:20, Benn Ferriero (SAN) for Fighting (Major) at 7:20, Sena Acolatse (ALB) for Hooking (Minor) at 12:32, Daniel Briere (SAN) for Slashing (Minor) at 12:37

3rd period

1. Rampage , Max Friberg 3 (Christian Thomas, Scott Mayfield) at 1:50 (PP)
2. Devils , Matthew Ford 7 (Darroll Powe) at 13:14

Penalties :
Colin Miller (ALB) for High sticking (Minor) at 0:58, Gabriel Beaupre (ALB) for Fighting (Major) at 6:59, Benn Ferriero (SAN) for Fighting (Major) at 6:59, Gabriel Beaupre (ALB) for Hooking (Minor) at 14:20

Overtime #1

No Goal

Penalties :
No Penalty

Shootout

Penalty Shot by Daniel Briere for Rampage - Stopped by Anton Khudobin
Penalty Shot by Yanni Gourde for Devils - Stopped by Pheonix Copley
Penalty Shot by Christian Thomas for Rampage - Shot Misses the Net
Penalty Shot by Colin Miller for Devils - Goal!
Penalty Shot by Max Friberg for Rampage - Shot Misses the Net

Penalties :
No Penalty

Goalie Stats

Pheonix Copley (SAN), 30 saves from 31 shots - (0.968), OTL, 30-6-10, 65:00 minutes
Anton Khudobin (ALB), 25 saves from 26 shots - (0.962), W, 12-4-2, 65:00 minutes

Players Stats for Rampage

Player Name              G  A  P  +/- PIM S  H  SB GA TA FO     MP     PP MP  PK MP  
------------------------------------------------------------------------------------
Andrew Cherniwchan       0  0  0   0  0   0  0  2  3  0  0/0    16:04   0:00   0:00 
Benn Ferriero            0  0  0   0  10  0  4  0  2  1  2/2    16:52   0:38   0:00 
Bryan Rust               0  0  0  -1  0   2  0  0  2  1  0/0    21:36   3:04   0:05 
Christian Thomas         0  1  1   0  5   5  1  0  1  0  0/2    20:38   1:13   0:00 
Connor Brickley          0  0  0  -1  0   0  1  0  1  0  3/12   19:21   3:04   0:00 
Daniel Briere            0  0  0   0  2   4  1  2  2  1  6/17   23:36   1:50   0:00 
Dillon Simpson           0  0  0   0  0   2  2  2  0  0  0/0    22:23   3:19   0:00 
Joe Faust                0  0  0   0  0   0  0  0  0  0  0/0     0:00   0:00   0:00 
Joel Chouinard           0  0  0  -1  0   1  1  1  0  3  0/0    17:07   0:00   0:00 
Jordan Szwarz            0  0  0   0  0   0  0  0  1  0  0/0     4:40   0:00   0:00 
Liam O'Brien             0  0  0  -1  0   1  0  0  3  0  0/1    19:52   3:04   0:00 
Matthew Corrente         0  0  0  -1  0   0  2  2  0  1  0/0    26:35   3:19   0:00 
Max Friberg              1  0  1   0  0   5  1  0  8  1  0/1    17:30   1:51   0:00 
Morgan Ellis             0  0  0   0  0   1  1  2  1  1  0/0    16:01   0:00   0:00 
Ryan Hartman             0  0  0   0  0   0  1  0  1  0  0/0     6:10   0:00   0:00 
Scott Mayfield           0  1  1   0  0   0  1  2  1  1  0/1    23:07   1:36   0:05 
Tanner Richard           0  0  0   0  0   1  3  0  3  0  8/11   20:55   0:00   0:05 
Tomas Kundratek          0  0  0   0  0   4  5  4  0  2  0/0    25:30   1:36   0:05 

Players Stats for Devils

Player Name              G  A  P  +/- PIM S  H  SB GA TA FO     MP     PP MP  PK MP  
------------------------------------------------------------------------------------
Chris Mueller            0  0  0   0  0   5  7  0  2  2  12/21  25:57   0:00   2:45 
Colin Miller             0  0  0   0  2   3  4  0  2  0  0/0    31:41   0:05   2:47 
Curtis Hamilton          0  0  0   1  0   0  0  0  0  0  0/0     5:20   0:05   0:45 
Darren Archibald         0  0  0   0  0   0  0  0  0  0  0/0     0:00   0:00   0:00 
Darroll Powe             0  1  1   1  0   0  2  0  1  1  5/5     9:12   0:00   0:00 
Gabriel Beaupre          0  0  0   1  7   0  1  1  0  1  0/0    21:09   0:00   1:03 
Garrett Thompson         0  0  0   0  10  2  2  2  1  0  0/0    20:43   0:05   0:54 
Joel Hanley              0  0  0   0  0   2  3  1  0  2  0/0    28:03   0:00   3:55 
John Ramage              0  0  0   1  0   0  0  0  0  1  0/0     9:16   0:00   1:11 
Jordan Martinook         0  0  0   0  0   2  1  0  8  0  2/3    24:43   0:00   3:48 
Justin Dowling           0  0  0   0  0   5  0  0  3  1  1/2    16:04   0:00   0:09 
Matthew Ford             1  0  1   1  0   6  0  0  0  3  0/0    17:33   0:00   0:22 
Rod Pelley               0  0  0   0  0   1  1  0  3  0  0/0    14:49   0:00   0:22 
Sean Collins             0  0  0   0  0   1  3  0  1  1  5/11   15:54   0:00   0:00 
Sena Acolatse            0  0  0   0  4   3  1  2  0  3  0/0    20:13   0:05   0:00 
Tom Kuhnhackl            0  0  0   0  0   0  1  1  0  2  0/0    15:54   0:00   0:00 
Yanni Gourde             0  0  0   0  0   1  2  1  2  0  3/4    21:20   0:05   1:39 
Zach O'Brien             0  0  0   0  0   0  1  1  1  0  0/1    15:13   0:00   0:00 

3 Stars

1 - Pheonix Copley (SAN)
2 - Anton Khudobin (ALB)
3 - Matthew Ford (ALB)

Power Play

Rampage - 1 on 4 Attempt(s) - 25.00%
Devils - 0 on 1 Attempt(s) - 0.00%

Penalty Kill

Rampage - 1 on 1 Attempt(s) - 100.00% - Score 0 goal in Penalty Kill
Devils - 3 on 4 Attempt(s) - 75.00% - Score 0 goal in Penalty Kill

Team Stat

Rampage - Hits : 24 - Faceoff Wins : 19 - Blocked Shots : 17 - Penalty Minutes : 17
Devils - Hits : 29 - Faceoff Wins : 28 - Blocked Shots : 9 - Penalty Minutes : 23

Official

Referees : Unknown
Linesman : Unknown

Game Notes

Christian Thomas beats up Garrett Thompson at 0:18 of 2nd period
Garrett Thompson and Benn Ferriero fight to a draw at 7:20 of 2nd period
Gabriel Beaupre and Benn Ferriero fight to a draw at 6:59 of 3rd period

Finance

Level 1 -- Attendance: 1406 (70.30%) -- Ticket Income $49,210
Level 2 -- Attendance: 805 (80.50%) -- Ticket Income $12,075
Total Attendance: 2211 (73.70%)
Total Ticket Income: $61,285
Other Income: $30,030
Total Income: $91,315

Rampage

5 vs 5 Forward 
   Center                   Left Wing                Right Wing               Time % Phy DF OF 
 1 Daniel Briere            Max Friberg              Christian Thomas         35     1   2  2  
 2 Connor Brickley          Liam O'Brien             Bryan Rust               30     1   2  2  
 3 Tanner Richard           Andrew Cherniwchan       Benn Ferriero            22     1   2  2  
 4 Christian Thomas         Daniel Briere            Ryan Hartman             13     1   2  2  

5 vs 5 Defense 
   Defense                  Defense                                           Time % Phy DF OF 
 1 Joel Chouinard           Matthew Corrente                                  35     1   2  2  
 2 Scott Mayfield           Tomas Kundratek                                   30     1   2  2  
 3 Morgan Ellis             Dillon Simpson                                    22     1   2  2  
 4 Tomas Kundratek          Matthew Corrente                                  13     1   2  2  

PowerPlay Forward 
   Center                   Left Wing                Right Wing               Time % Phy DF OF 
 1 Daniel Briere            Max Friberg              Christian Thomas         60     1   2  2  
 2 Connor Brickley          Liam O'Brien             Bryan Rust               40     1   2  2  

PowerPlay Defense
   Defense                  Defense                                           Time % Phy DF OF 
 1 Dillon Simpson           Matthew Corrente                                  60     1   2  2  
 2 Scott Mayfield           Tomas Kundratek                                   40     1   2  2  

Penalty Kill 4 Players Forward 
   Center                   Wing                     Time % Phy DF OF 
 1 Daniel Briere            Christian Thomas         60     1   2  2  
 2 Max Friberg              Liam O'Brien             40     1   2  2  

Penalty Kill 4 Players Defense
   Defense                  Defense                  Time % Phy DF OF 
 1 Morgan Ellis             Matthew Corrente         60     1   2  2  
 2 Scott Mayfield           Tomas Kundratek          40     1   2  2  

Penalty Kill - 3 Players Forward 
   Forward                                           Time % Phy DF OF 
 1 Daniel Briere                                     60     1   2  2  
 2 Christian Thomas                                  40     1   2  2  

Penalty Kill - 3 Players Defense
   Defense                  Defense                  Time % Phy DF OF 
 1 Morgan Ellis             Matthew Corrente         60     1   2  2  
 2 Scott Mayfield           Tomas Kundratek          40     1   2  2  

4 vs 4 Forward 
   Center                   Wing                     Time % Phy DF OF 
 1 Daniel Briere            Christian Thomas         60     1   2  2  
 2 Max Friberg              Liam O'Brien             40     1   2  2  

4 vs 4 Defense
   Defense                  Defense                  Time % Phy DF OF 
 1 Dillon Simpson           Matthew Corrente         60     1   2  2  
 2 Scott Mayfield           Tomas Kundratek          40     1   2  2  

Last Minutes Offensive
   Center                   Left Wing                Right Wing               Defense                  Defense                  
   Daniel Briere            Max Friberg              Christian Thomas         Tomas Kundratek          Matthew Corrente         

Last Minutes Defensive
   Center                   Left Wing                Right Wing               Defense                  Defense                  
   Daniel Briere            Max Friberg              Christian Thomas         Tomas Kundratek          Matthew Corrente         

Goaltenders
Starting : Pheonix Copley           
Backup : Viktor Fasth             

Extra Forwards
Normal : Daniel Briere, Benn Ferriero, Tanner Richard - PP : Christian Thomas, Benn Ferriero - PK : Tanner Richard
Extra Defensemen
Normal : Morgan Ellis, Dillon Simpson, Scott Mayfield - PP : Morgan Ellis - PK : Dillon Simpson, Scott Mayfield
Penalty Shots
Daniel Briere, Christian Thomas, Max Friberg, Liam O'Brien, Bryan Rust

Devils

5 vs 5 Forward 
   Center                   Left Wing                Right Wing               Time % Phy DF OF 
 1 Chris Mueller            Yanni Gourde             Zach O'Brien             35     1   2  2  
 2 Sean Collins             Jordan Martinook         Tom Kuhnhackl            30     1   2  2  
 3 Chris Mueller            Rod Pelley               Justin Dowling           22     1   2  2  
 4 Darroll Powe             Jordan Martinook         Matthew Ford             13     1   2  2  

5 vs 5 Defense 
   Defense                  Defense                                           Time % Phy DF OF 
 1 Colin Miller             Garrett Thompson                                  35     1   2  2  
 2 Joel Hanley              Gabriel Beaupre                                   30     1   2  2  
 3 Sena Acolatse            Colin Miller                                      22     1   2  2  
 4 Colin Miller             Garrett Thompson                                  13     1   2  2  

PowerPlay Forward 
   Center                   Left Wing                Right Wing               Time % Phy DF OF 
 1 Chris Mueller            Jordan Martinook         Matthew Ford             60     1   2  2  
 2 Sean Collins             Rod Pelley               Zach O'Brien             40     1   2  2  

PowerPlay Defense
   Defense                  Defense                                           Time % Phy DF OF 
 1 Colin Miller             Garrett Thompson                                  60     1   2  2  
 2 Joel Hanley              Gabriel Beaupre                                   40     1   2  2  

Penalty Kill 4 Players Forward 
   Center                   Wing                     Time % Phy DF OF 
 1 Chris Mueller            Jordan Martinook         60     1   2  2  
 2 Rod Pelley               Matthew Ford             40     1   2  2  

Penalty Kill 4 Players Defense
   Defense                  Defense                  Time % Phy DF OF 
 1 Colin Miller             Garrett Thompson         60     1   2  2  
 2 Joel Hanley              Gabriel Beaupre          40     1   2  2  

Penalty Kill - 3 Players Forward 
   Forward                                           Time % Phy DF OF 
 1 Chris Mueller                                     60     1   2  2  
 2 Jordan Martinook                                  40     1   2  2  

Penalty Kill - 3 Players Defense
   Defense                  Defense                  Time % Phy DF OF 
 1 Colin Miller             Garrett Thompson         60     1   2  2  
 2 Joel Hanley              Gabriel Beaupre          40     1   2  2  

4 vs 4 Forward 
   Center                   Wing                     Time % Phy DF OF 
 1 Chris Mueller            Jordan Martinook         60     1   2  2  
 2 Rod Pelley               Matthew Ford             40     1   2  2  

4 vs 4 Defense
   Defense                  Defense                  Time % Phy DF OF 
 1 Colin Miller             Garrett Thompson         60     1   2  2  
 2 Joel Hanley              Gabriel Beaupre          40     1   2  2  

Last Minutes Offensive
   Center                   Left Wing                Right Wing               Defense                  Defense                  
   Chris Mueller            Jordan Martinook         Matthew Ford             Colin Miller             Garrett Thompson         

Last Minutes Defensive
   Center                   Left Wing                Right Wing               Defense                  Defense                  
   Chris Mueller            Jordan Martinook         Matthew Ford             Colin Miller             Garrett Thompson         

Goaltenders
Starting : Anton Khudobin           
Backup : Anthony Stolarz          

Extra Forwards
Normal : Matthew Ford, Jordan Martinook, Yanni Gourde - PP : Jordan Martinook, Rod Pelley - PK : Yanni Gourde
Extra Defensemen
Normal : Sena Acolatse, Colin Miller, Joel Hanley - PP : Sena Acolatse - PK : Colin Miller, Joel Hanley
Penalty Shots
Yanni Gourde, Colin Miller, Matthew Ford, Sean Collins, Zach O'Brien

% Time on Ice - Rampage

Lines # - Real PCT - Wanted PCT - Time Play
Normal Forward
1 - 28% - 35% - 15:07
2 - 30% - 30% - 16:07
3 - 30% - 22% - 15:42
4 - 12% - 13% - 6:10
Normal Defense
1 - 32% - 35% - 17:14
2 - 33% - 30% - 17:42
3 - 28% - 22% - 15:04
4 - 6% - 13% - 3:06
PP Forward
1 - 38% - 60% - 1:51
2 - 62% - 40% - 3:04
PP Defense
1 - 67% - 60% - 3:19
2 - 33% - 40% - 1:36
PK Forward
1 - 100% - 60% - 0:05
2 - 0% - 40% - 0:00
PK Defense
1 - 0% - 60% - 0:00
2 - 100% - 40% - 0:05
PK3 Forward
1 - 0% - 60%
2 - 0% - 40%
PK3 Defense
1 - 0% - 60%
2 - 0% - 40%
44 Forward
1 - 90% - 60% - 6:13
2 - 10% - 40% - 0:41
44 Defense
1 - 56% - 60% - 3:53
2 - 44% - 40% - 3:01
Last Minute Offensive  - 0:00
Last Minute Defensive  - 0:00
Total
Forward - 65:00
Defense - 65:00

% Time on Ice - Devils

Lines # - Real PCT - Wanted PCT - Time Play
Normal Forward
1 - 29% - 35% - 15:37
2 - 31% - 30% - 16:37
3 - 25% - 22% - 13:03
4 - 15% - 13% - 7:49
Normal Defense
1 - 34% - 35% - 17:50
2 - 37% - 30% - 19:27
3 - 21% - 22% - 10:54
4 - 9% - 13% - 4:55
PP Forward
1 - 100% - 60% - 0:05
2 - 0% - 40% - 0:00
PP Defense
1 - 100% - 60% - 0:05
2 - 0% - 40% - 0:00
PK Forward
1 - 93% - 60% - 4:33
2 - 7% - 40% - 0:22
PK Defense
1 - 59% - 60% - 2:53
2 - 41% - 40% - 2:02
PK3 Forward
1 - 0% - 60%
2 - 0% - 40%
PK3 Defense
1 - 0% - 60%
2 - 0% - 40%
44 Forward
1 - 90% - 60% - 6:13
2 - 10% - 40% - 0:41
44 Defense
1 - 57% - 60% - 3:54
2 - 43% - 40% - 3:00
Last Minute Offensive  - 0:00
Last Minute Defensive  - 0:00
Total
Forward - 65:00
Defense - 65:00

Play by Play

1st period


0:01 of 1st period - Yanni Gourde wins face-off versus Daniel Briere in neutral zone.
0:06 of 1st period - Wrist shot by Yanni Gourde.
0:06 of 1st period - Shot Blocked by Daniel Briere.
0:29 of 1st period - Snap shot by Christian Thomas.
0:29 of 1st period - Stopped by Anton Khudobin with a rebound.
0:31 of 1st period - Slapshot by Matthew Corrente.
0:31 of 1st period - Deflect By Christian Thomas.
0:31 of 1st period - Shot Misses the Net.
0:31 of 1st period - Puck is out of play.
0:32 of 1st period - Sean Collins wins face-off versus Connor Brickley in Devils zone.
0:37 of 1st period - Tomas Kundratek is hit by Sean Collins and loses puck.
1:21 of 1st period - Scott Mayfield is hit by Chris Mueller and loses puck.
1:44 of 1st period - Snap shot by Justin Dowling.
1:44 of 1st period - Shot Blocked by Dillon Simpson.
1:46 of 1st period - Slapshot by Sena Acolatse.
1:46 of 1st period - Stopped by Pheonix Copley with a rebound.
1:48 of 1st period - Snap shot by Rod Pelley.
1:48 of 1st period - Deflect By Justin Dowling.
1:48 of 1st period - Shot Misses the Net.
1:48 of 1st period - Puck is out of play.
1:49 of 1st period - Darroll Powe wins face-off versus Tanner Richard in Rampage zone.
1:50 of 1st period - Snap shot by Matthew Ford.
1:50 of 1st period - Stopped by Pheonix Copley without a rebound.
1:51 of 1st period - Darroll Powe wins face-off versus Tanner Richard in Rampage zone.
1:52 of 1st period - Slapshot by Jordan Martinook.
1:52 of 1st period - Shot Misses the Net.
1:54 of 1st period - Wrist shot by Jordan Martinook.
1:54 of 1st period - Stopped by Pheonix Copley with a rebound.
2:45 of 1st period - Chris Mueller is hit by Daniel Briere and loses puck.
3:30 of 1st period - Liam O'Brien is hit by Sean Collins.
4:53 of 1st period - Snap shot by Max Friberg.
4:53 of 1st period - Shot Misses the Net.
4:55 of 1st period - Slapshot by Morgan Ellis.
4:55 of 1st period - Deflect By Sean Collins.
4:55 of 1st period - Stopped by Anton Khudobin with a rebound.
4:57 of 1st period - Slapshot by Max Friberg.
4:57 of 1st period - Stopped by Anton Khudobin with a rebound.
4:59 of 1st period - Slapshot by Dillon Simpson.
4:59 of 1st period - Stopped by Anton Khudobin with a rebound.
5:01 of 1st period - Backhand shot by Daniel Briere.
5:01 of 1st period - Stopped by Anton Khudobin with a rebound.
5:17 of 1st period - Slapshot by Bryan Rust.
5:17 of 1st period - Stopped by Anton Khudobin without a rebound.
5:18 of 1st period - Chris Mueller wins face-off versus Connor Brickley in Devils zone.
6:17 of 1st period - Garrett Thompson is hit by Christian Thomas and loses puck.
7:37 of 1st period - Snap shot by Max Friberg.
7:37 of 1st period - Stopped by Anton Khudobin with a rebound.
7:39 of 1st period - Slapshot by Tomas Kundratek.
7:39 of 1st period - Shot Misses the Net.
7:41 of 1st period - Slapshot by Tomas Kundratek.
7:41 of 1st period - Stopped by Anton Khudobin without a rebound.
7:42 of 1st period - Justin Dowling wins face-off versus Daniel Briere in Devils zone.
7:57 of 1st period - Snap shot by Zach O'Brien.
7:57 of 1st period - Deflect By Max Friberg.
7:57 of 1st period - Shot Blocked by Daniel Briere.
7:57 of 1st period - Puck is out of play.
7:58 of 1st period - Tanner Richard wins face-off versus Justin Dowling in Rampage zone.
8:27 of 1st period - Joel Chouinard is hit by Garrett Thompson and loses puck.
8:47 of 1st period - Tom Kuhnhackl is hit by Tomas Kundratek and loses puck.
8:54 of 1st period - Liam O'Brien is hit by Colin Miller and loses puck.
9:33 of 1st period - Justin Dowling is hit by Tomas Kundratek and loses puck.
11:15 of 1st period - Icing by Chris Mueller.
11:16 of 1st period - Yanni Gourde wins face-off versus Connor Brickley in Devils zone.
11:31 of 1st period - Snap shot by Matthew Ford.
11:31 of 1st period - Stopped by Pheonix Copley with a rebound.
12:23 of 1st period - Colin Miller is hit by Joel Chouinard and loses puck.
13:07 of 1st period - Daniel Briere is hit by Tom Kuhnhackl and loses puck.
13:32 of 1st period - Zach O'Brien is hit by Benn Ferriero.
14:14 of 1st period - Snap shot by Yanni Gourde.
14:14 of 1st period - Stopped by Pheonix Copley without a rebound.
14:15 of 1st period - Connor Brickley wins face-off versus Chris Mueller in Rampage zone.
14:22 of 1st period - Snap shot by Bryan Rust.
14:22 of 1st period - Shot Blocked by Gabriel Beaupre.
14:56 of 1st period - Slapshot by Daniel Briere.
14:56 of 1st period - Stopped by Anton Khudobin with a rebound.
15:10 of 1st period - Sean Collins is hit by Max Friberg and loses puck.
15:56 of 1st period - Icing by Joel Chouinard.
15:57 of 1st period - Chris Mueller wins face-off versus Scott Mayfield in Rampage zone.
16:09 of 1st period - Snap shot by Chris Mueller.
16:09 of 1st period - Stopped by Pheonix Copley without a rebound.
16:10 of 1st period - Daniel Briere wins face-off versus Chris Mueller in Rampage zone.
16:10 of 1st period - Daniel Briere is hit by Rod Pelley.
16:16 of 1st period - Morgan Ellis is hit by Chris Mueller and loses puck.
16:31 of 1st period - Christian Thomas is hit by Garrett Thompson.
16:43 of 1st period - Snap shot by Andrew Cherniwchan.
16:43 of 1st period - Shot Misses the Net.
16:45 of 1st period - Slapshot by Dillon Simpson.
16:45 of 1st period - Stopped by Anton Khudobin with a rebound.
Goals for this period are 0 for Rampage vs 0 for Devils.
Shots for this period are 10 for Rampage vs 6 for Devils.

2nd period


0:01 of 2nd period - Chris Mueller wins face-off versus Daniel Briere in neutral zone.
0:04 of 2nd period - Tomas Kundratek is hit by Colin Miller and loses puck.
0:18 of 2nd period - Christian Thomas beats up Garrett Thompson.
0:18 of 2nd period - Penalty to Garrett Thompson for Fighting.
0:18 of 2nd period - Penalty to Christian Thomas for Fighting.
0:19 of 2nd period - Daniel Briere wins face-off versus Chris Mueller in Devils zone.
0:20 of 2nd period - Snap shot by Max Friberg.
0:20 of 2nd period - Shot Misses the Net.
0:30 of 2nd period - Snap shot by Daniel Briere.
0:30 of 2nd period - Shot Misses the Net.
0:32 of 2nd period - Slapshot by Max Friberg.
0:32 of 2nd period - Shot Blocked by Sena Acolatse.
0:37 of 2nd period - Minor Penalty to Sena Acolatse for Holding.
0:38 of 2nd period - Chris Mueller wins face-off versus Daniel Briere in Devils zone.
0:38 of 2nd period - Chris Mueller is hit by Benn Ferriero.
1:11 of 2nd period - Jordan Martinook is hit by Benn Ferriero and loses puck.
1:28 of 2nd period - Chris Mueller is hit by Connor Brickley and loses puck.
1:48 of 2nd period - Chris Mueller is hit by Matthew Corrente and loses puck.
2:05 of 2nd period - Wrist shot by Jordan Martinook.
2:05 of 2nd period - Shot Misses the Net.
2:37 of 2nd period - Penalty to Sena Acolatse is over, Sena Acolatse is back on ice.
3:32 of 2nd period - Max Friberg is hit by Yanni Gourde and loses puck.
3:48 of 2nd period - Morgan Ellis is hit by Zach O'Brien and loses puck.
3:57 of 2nd period - Snap shot by Justin Dowling.
3:57 of 2nd period - Stopped by Pheonix Copley with a rebound.
4:59 of 2nd period - Off-side.
5:00 of 2nd period - Sean Collins wins face-off versus Connor Brickley in neutral zone.
5:07 of 2nd period - Wrist shot by Sean Collins.
5:07 of 2nd period - Deflect By Tom Kuhnhackl.
5:07 of 2nd period - Shot Blocked by Scott Mayfield.
5:07 of 2nd period - Puck is out of play.
5:08 of 2nd period - Tanner Richard wins face-off versus Sean Collins in Rampage zone.
5:21 of 2nd period - Icing by Colin Miller.
5:22 of 2nd period - Sean Collins wins face-off versus Tanner Richard in Devils zone.
6:00 of 2nd period - Bryan Rust is hit by Chris Mueller and loses puck.
6:22 of 2nd period - Slapshot by Matthew Ford.
6:22 of 2nd period - Deflect By Liam O'Brien.
6:22 of 2nd period - Shot Blocked by Morgan Ellis.
6:22 of 2nd period - Puck is out of play.
6:23 of 2nd period - Darroll Powe wins face-off versus Daniel Briere in Rampage zone.
6:24 of 2nd period - Wrist shot by Matthew Ford.
6:24 of 2nd period - Shot Blocked by Scott Mayfield.
6:32 of 2nd period - Snap shot by Max Friberg.
6:32 of 2nd period - Shot Misses the Net.
6:34 of 2nd period - Snap shot by Christian Thomas.
6:34 of 2nd period - Stopped by Anton Khudobin with a rebound.
6:36 of 2nd period - Slapshot by Tomas Kundratek.
6:36 of 2nd period - Shot Misses the Net.
6:38 of 2nd period - Slapshot by Daniel Briere.
6:38 of 2nd period - Shot Blocked by Garrett Thompson.
6:40 of 2nd period - Slapshot by Tomas Kundratek.
6:40 of 2nd period - Stopped by Anton Khudobin without a rebound.
6:41 of 2nd period - Daniel Briere wins face-off versus Chris Mueller in Devils zone.
6:42 of 2nd period - Slapshot by Christian Thomas.
6:42 of 2nd period - Shot Blocked by Zach O'Brien.
6:57 of 2nd period - Off-side.
6:58 of 2nd period - Tanner Richard wins face-off versus Chris Mueller in neutral zone.
7:20 of 2nd period - Garrett Thompson and Benn Ferriero fight to a draw.
7:20 of 2nd period - Penalty to Garrett Thompson for Fighting.
7:20 of 2nd period - Penalty to Benn Ferriero for Fighting.
7:21 of 2nd period - Sean Collins wins face-off versus Connor Brickley in Devils zone.
7:28 of 2nd period - Tomas Kundratek is hit by Sean Collins and loses puck.
8:19 of 2nd period - Snap shot by Chris Mueller.
8:19 of 2nd period - Shot Blocked by Tomas Kundratek.
8:39 of 2nd period - Daniel Briere is hit by Joel Hanley and loses puck.
8:52 of 2nd period - Slapshot by Colin Miller.
8:52 of 2nd period - Stopped by Pheonix Copley without a rebound.
8:53 of 2nd period - Tanner Richard wins face-off versus Chris Mueller in Rampage zone.
9:34 of 2nd period - Sena Acolatse is hit by Dillon Simpson and loses puck.
10:03 of 2nd period - Colin Miller is hit by Matthew Corrente and loses puck.
10:36 of 2nd period - Wrist shot by Darroll Powe.
10:36 of 2nd period - Shot Misses the Net.
11:35 of 2nd period - Slapshot by Christian Thomas.
11:35 of 2nd period - Stopped by Anton Khudobin without a rebound.
11:36 of 2nd period - Jordan Martinook wins face-off versus Daniel Briere in Devils zone.
12:16 of 2nd period - Snap shot by Yanni Gourde.
12:16 of 2nd period - Shot Blocked by Matthew Corrente.
12:32 of 2nd period - Minor Penalty to Sena Acolatse for Hooking.
12:33 of 2nd period - Chris Mueller wins face-off versus Daniel Briere in Devils zone.
12:37 of 2nd period - Minor Penalty to Daniel Briere for Slashing.
12:38 of 2nd period - Benn Ferriero wins face-off versus Chris Mueller in Rampage zone.
12:55 of 2nd period - Snap shot by Christian Thomas.
12:55 of 2nd period - Stopped by Anton Khudobin with a rebound.
13:01 of 2nd period - Dillon Simpson is hit by Chris Mueller.
13:45 of 2nd period - Colin Miller is hit by Tanner Richard.
13:51 of 2nd period - Wrist shot by Jordan Martinook.
13:51 of 2nd period - Shot Blocked by Dillon Simpson.
14:22 of 2nd period - Curtis Hamilton is hit by Tanner Richard and loses puck.
14:32 of 2nd period - Penalty to Sena Acolatse is over, Sena Acolatse is back on ice.
14:37 of 2nd period - Penalty to Daniel Briere is over, Daniel Briere is back on ice.
15:01 of 2nd period - Icing by Bryan Rust.
15:02 of 2nd period - Sean Collins wins face-off versus Connor Brickley in Rampage zone.
15:07 of 2nd period - Snap shot by Sean Collins.
15:07 of 2nd period - Shot Misses the Net.
15:27 of 2nd period - Wrist shot by Justin Dowling.
15:27 of 2nd period - Shot Misses the Net.
15:39 of 2nd period - Snap shot by Chris Mueller.
15:39 of 2nd period - Stopped by Pheonix Copley without a rebound.
15:40 of 2nd period - Daniel Briere wins face-off versus Chris Mueller in Rampage zone.
16:53 of 2nd period - Slapshot by Chris Mueller.
16:53 of 2nd period - Stopped by Pheonix Copley with a rebound.
16:57 of 2nd period - Slapshot by Chris Mueller.
16:57 of 2nd period - Shot Misses the Net.
16:59 of 2nd period - Wrist shot by Chris Mueller.
16:59 of 2nd period - Shot Misses the Net.
17:01 of 2nd period - Slapshot by Rod Pelley.
17:01 of 2nd period - Shot Misses the Net.
17:03 of 2nd period - Wrist shot by Garrett Thompson.
17:03 of 2nd period - Stopped by Pheonix Copley with a rebound.
17:05 of 2nd period - Snap shot by Garrett Thompson.
17:05 of 2nd period - Stopped by Pheonix Copley with a rebound.
17:15 of 2nd period - Joel Chouinard is hit by Jordan Martinook and loses puck.
17:52 of 2nd period - Christian Thomas is hit by Darroll Powe and loses puck.
18:25 of 2nd period - Joel Hanley is hit by Tanner Richard and loses puck.
18:42 of 2nd period - Sean Collins is hit by Ryan Hartman.
19:08 of 2nd period - Dillon Simpson is hit by Sena Acolatse.
19:43 of 2nd period - John Ramage is hit by Morgan Ellis.
Goals for this period are 0 for Rampage vs 0 for Devils.
Shots for this period are 4 for Rampage vs 6 for Devils.

3rd period


0:01 of 3rd period - Chris Mueller wins face-off versus Max Friberg in neutral zone.
0:23 of 3rd period - Slapshot by Christian Thomas.
0:23 of 3rd period - Deflect By Daniel Briere.
0:23 of 3rd period - Stopped by Anton Khudobin with a rebound.
0:25 of 3rd period - Wrist shot by Max Friberg.
0:25 of 3rd period - Shot Misses the Net.
0:58 of 3rd period - Minor Penalty to Colin Miller for High sticking.
0:59 of 3rd period - Chris Mueller wins face-off versus Connor Brickley in Devils zone.
1:13 of 3rd period - Wrist shot by Liam O'Brien.
1:13 of 3rd period - Shot Misses the Net.
1:15 of 3rd period - Snap shot by Liam O'Brien.
1:15 of 3rd period - Stopped by Anton Khudobin with a rebound.
1:20 of 3rd period - Snap shot by Connor Brickley.
1:20 of 3rd period - Shot Misses the Net.
1:50 of 3rd period - Slapshot by Max Friberg.
1:50 of 3rd period - Goal by Max Friberg - Rampage : 1 - Devils : 0.
1:51 of 3rd period - Daniel Briere wins face-off versus Sean Collins in neutral zone.
1:58 of 3rd period - Snap shot by Daniel Briere.
1:58 of 3rd period - Shot Blocked by Tom Kuhnhackl.
2:00 of 3rd period - Slapshot by Tomas Kundratek.
2:00 of 3rd period - Stopped by Anton Khudobin with a rebound.
2:02 of 3rd period - Wrist shot by Christian Thomas.
2:02 of 3rd period - Stopped by Anton Khudobin with a rebound.
2:04 of 3rd period - Slapshot by Tomas Kundratek.
2:04 of 3rd period - Stopped by Anton Khudobin without a rebound.
2:05 of 3rd period - Daniel Briere wins face-off versus Sean Collins in Devils zone.
2:16 of 3rd period - Wrist shot by Max Friberg.
2:16 of 3rd period - Shot Misses the Net.
2:20 of 3rd period - Wrist shot by Max Friberg.
2:20 of 3rd period - Stopped by Anton Khudobin without a rebound.
2:21 of 3rd period - Connor Brickley wins face-off versus Chris Mueller in Devils zone.
3:30 of 3rd period - Tomas Kundratek is hit by Joel Hanley and loses puck.
4:29 of 3rd period - Snap shot by Sean Collins.
4:29 of 3rd period - Stopped by Pheonix Copley with a rebound.
4:31 of 3rd period - Slapshot by Sena Acolatse.
4:31 of 3rd period - Shot Misses the Net.
4:59 of 3rd period - Liam O'Brien is hit by Chris Mueller and loses puck.
5:18 of 3rd period - Snap shot by Yanni Gourde.
5:18 of 3rd period - Shot Misses the Net.
5:48 of 3rd period - Slapshot by Colin Miller.
5:48 of 3rd period - Shot Misses the Net.
5:50 of 3rd period - Wrist shot by Rod Pelley.
5:50 of 3rd period - Stopped by Pheonix Copley with a rebound.
6:42 of 3rd period - Wrist shot by Zach O'Brien.
6:42 of 3rd period - Shot Misses the Net.
6:46 of 3rd period - Slapshot by Zach O'Brien.
6:46 of 3rd period - Shot Blocked by Morgan Ellis.
6:48 of 3rd period - Slapshot by Chris Mueller.
6:48 of 3rd period - Deflect By Zach O'Brien.
6:48 of 3rd period - Shot Misses the Net.
6:48 of 3rd period - Puck is out of play.
6:49 of 3rd period - Tanner Richard wins face-off versus Zach O'Brien in Rampage zone.
6:59 of 3rd period - Gabriel Beaupre and Benn Ferriero fight to a draw.
6:59 of 3rd period - Penalty to Gabriel Beaupre for Fighting.
6:59 of 3rd period - Penalty to Benn Ferriero for Fighting.
7:00 of 3rd period - Tanner Richard wins face-off versus Sean Collins in neutral zone.
7:03 of 3rd period - Slapshot by Joel Chouinard.
7:03 of 3rd period - Shot Blocked by Joel Hanley.
7:05 of 3rd period - Snap shot by Daniel Briere.
7:05 of 3rd period - Shot Blocked by Sena Acolatse.
7:07 of 3rd period - Snap shot by Joel Chouinard.
7:07 of 3rd period - Deflect By Sean Collins.
7:07 of 3rd period - Stopped by Anton Khudobin without a rebound.
7:08 of 3rd period - Tanner Richard wins face-off versus Sean Collins in Devils zone.
8:21 of 3rd period - Christian Thomas is hit by Colin Miller and loses puck.
8:28 of 3rd period - Wrist shot by Max Friberg.
8:28 of 3rd period - Stopped by Anton Khudobin without a rebound.
8:29 of 3rd period - Darroll Powe wins face-off versus Daniel Briere in Devils zone.
8:44 of 3rd period - Max Friberg is hit by Darroll Powe and loses puck.
9:31 of 3rd period - Slapshot by Colin Miller.
9:31 of 3rd period - Shot Misses the Net.
9:33 of 3rd period - Snap shot by Garrett Thompson.
9:33 of 3rd period - Shot Blocked by Andrew Cherniwchan.
9:41 of 3rd period - Wrist shot by Sean Collins.
9:41 of 3rd period - Shot Misses the Net.
9:43 of 3rd period - Slapshot by Joel Hanley.
9:43 of 3rd period - Shot Blocked by Andrew Cherniwchan.
9:45 of 3rd period - Snap shot by Matthew Ford.
9:45 of 3rd period - Shot Misses the Net.
10:10 of 3rd period - Bryan Rust is hit by Yanni Gourde and loses puck.
10:17 of 3rd period - Slapshot by Justin Dowling.
10:17 of 3rd period - Stopped by Pheonix Copley without a rebound.
10:18 of 3rd period - Connor Brickley wins face-off versus Yanni Gourde in Rampage zone.
10:25 of 3rd period - Wrist shot by Bryan Rust.
10:25 of 3rd period - Stopped by Anton Khudobin with a rebound.
10:54 of 3rd period - Slapshot by Jordan Martinook.
10:54 of 3rd period - Stopped by Pheonix Copley with a rebound.
10:56 of 3rd period - Wrist shot by Matthew Ford.
10:56 of 3rd period - Deflect By Jordan Martinook.
10:56 of 3rd period - Shot Misses the Net.
10:56 of 3rd period - Puck is out of play.
10:57 of 3rd period - Darroll Powe wins face-off versus Christian Thomas in Rampage zone.
11:54 of 3rd period - Wrist shot by Justin Dowling.
11:54 of 3rd period - Stopped by Pheonix Copley with a rebound.
11:56 of 3rd period - Slapshot by Chris Mueller.
11:56 of 3rd period - Shot Blocked by Tomas Kundratek.
12:27 of 3rd period - Tom Kuhnhackl is hit by Tomas Kundratek and loses puck.
12:42 of 3rd period - Backhand shot by Yanni Gourde.
12:42 of 3rd period - Shot Blocked by Matthew Corrente.
12:44 of 3rd period - Snap shot by Zach O'Brien.
12:44 of 3rd period - Shot Misses the Net.
12:46 of 3rd period - Backhand shot by Chris Mueller.
12:46 of 3rd period - Shot Blocked by Joel Chouinard.
13:14 of 3rd period - Slapshot by Matthew Ford.
13:14 of 3rd period - Goal by Matthew Ford - Rampage : 1 - Devils : 1.
13:15 of 3rd period - Chris Mueller wins face-off versus Connor Brickley in neutral zone.
13:26 of 3rd period - Morgan Ellis is hit by Chris Mueller and loses puck.
14:04 of 3rd period - Justin Dowling is hit by Benn Ferriero and loses puck.
14:20 of 3rd period - Minor Penalty to Gabriel Beaupre for Hooking.
14:21 of 3rd period - Yanni Gourde wins face-off versus Daniel Briere in Devils zone.
15:10 of 3rd period - Slapshot by Bryan Rust.
15:10 of 3rd period - Deflect By Liam O'Brien.
15:10 of 3rd period - Shot Blocked by Yanni Gourde.
15:10 of 3rd period - Puck is out of play.
15:11 of 3rd period - Chris Mueller wins face-off versus Connor Brickley in Devils zone.
15:33 of 3rd period - Wrist shot by Liam O'Brien.
15:33 of 3rd period - Shot Hit the Post.
15:53 of 3rd period - Wrist shot by Daniel Briere.
15:53 of 3rd period - Stopped by Anton Khudobin with a rebound.
15:55 of 3rd period - Slapshot by Tomas Kundratek.
15:55 of 3rd period - Shot Blocked by Garrett Thompson.
16:17 of 3rd period - Slapshot by Jordan Martinook.
16:17 of 3rd period - Shot Blocked by Tomas Kundratek.
16:19 of 3rd period - Wrist shot by Joel Hanley.
16:19 of 3rd period - Stopped by Pheonix Copley with a rebound.
16:20 of 3rd period - Penalty to Gabriel Beaupre is over, Gabriel Beaupre is back on ice.
16:35 of 3rd period - Wrist shot by Matthew Ford.
16:35 of 3rd period - Stopped by Pheonix Copley with a rebound.
16:37 of 3rd period - Snap shot by Matthew Ford.
16:37 of 3rd period - Stopped by Pheonix Copley with a rebound.
16:39 of 3rd period - Snap shot by Justin Dowling.
16:39 of 3rd period - Stopped by Pheonix Copley with a rebound.
16:50 of 3rd period - Wrist shot by Justin Dowling.
16:50 of 3rd period - Stopped by Pheonix Copley with a rebound.
16:52 of 3rd period - Slapshot by Sena Acolatse.
16:52 of 3rd period - Stopped by Pheonix Copley with a rebound.
16:54 of 3rd period - Slapshot by Sena Acolatse.
16:54 of 3rd period - Stopped by Pheonix Copley without a rebound.
16:55 of 3rd period - Tanner Richard wins face-off versus Sean Collins in Rampage zone.
17:02 of 3rd period - Slapshot by Colin Miller.
17:02 of 3rd period - Stopped by Pheonix Copley without a rebound.
17:03 of 3rd period - Benn Ferriero wins face-off versus Jordan Martinook in Rampage zone.
17:08 of 3rd period - Snap shot by Tanner Richard.
17:08 of 3rd period - Stopped by Anton Khudobin with a rebound.
17:22 of 3rd period - Off-side.
17:23 of 3rd period - Chris Mueller wins face-off versus Daniel Briere in neutral zone.
18:13 of 3rd period - Wrist shot by Sean Collins.
18:13 of 3rd period - Shot Misses the Net.
18:29 of 3rd period - Tom Kuhnhackl is hit by Dillon Simpson and loses puck.
18:53 of 3rd period - Icing by Yanni Gourde.
18:54 of 3rd period - Chris Mueller wins face-off versus Christian Thomas in Devils zone.
18:54 of 3rd period - Chris Mueller is hit by Tomas Kundratek.
19:00 of 3rd period - Ryan Hartman is hit by Chris Mueller and loses puck.
19:51 of 3rd period - Snap shot by Chris Mueller.
19:51 of 3rd period - Stopped by Pheonix Copley with a rebound.
19:53 of 3rd period - Snap shot by Colin Miller.
19:53 of 3rd period - Deflect By Tomas Kundratek.
19:53 of 3rd period - Stopped by Pheonix Copley with a rebound.
Goals for this period are 1 for Rampage vs 1 for Devils.
Shots for this period are 12 for Rampage vs 16 for Devils.

Overtime #1


0:01 of 1st overtime period - Chris Mueller wins face-off versus Daniel Briere in neutral zone.
0:22 of 1st overtime period - Snap shot by Chris Mueller.
0:22 of 1st overtime period - Shot Misses the Net.
0:28 of 1st overtime period - Snap shot by Jordan Martinook.
0:28 of 1st overtime period - Shot Misses the Net.
0:30 of 1st overtime period - Wrist shot by Chris Mueller.
0:30 of 1st overtime period - Stopped by Pheonix Copley with a rebound.
1:39 of 1st overtime period - Snap shot by Matthew Ford.
1:39 of 1st overtime period - Stopped by Pheonix Copley without a rebound.
1:40 of 1st overtime period - Jordan Martinook wins face-off versus Liam O'Brien in Rampage zone.
2:13 of 1st overtime period - Wrist shot by Max Friberg.
2:13 of 1st overtime period - Shot Misses the Net.
2:33 of 1st overtime period - Matthew Ford is hit by Scott Mayfield and loses puck.
3:24 of 1st overtime period - Snap shot by Joel Hanley.
3:24 of 1st overtime period - Stopped by Pheonix Copley with a rebound.
3:36 of 1st overtime period - Tomas Kundratek is hit by Gabriel Beaupre and loses puck.
3:59 of 1st overtime period - Tomas Kundratek is hit by Joel Hanley and loses puck.
4:10 of 1st overtime period - Colin Miller is hit by Tomas Kundratek and loses puck.
4:19 of 1st overtime period - Backhand shot by Colin Miller.
4:19 of 1st overtime period - Shot Misses the Net.
4:23 of 1st overtime period - Snap shot by Colin Miller.
4:23 of 1st overtime period - Shot Blocked by Tomas Kundratek.
4:33 of 1st overtime period - Bryan Rust is hit by Colin Miller and loses puck.
Goals for this period are 0 for Rampage vs 0 for Devils.
Shots for this period are 0 for Rampage vs 3 for Devils.

ShootOut


5:00 of 1st overtime period - Penalty Shot by Daniel Briere for Rampage.
5:00 of 1st overtime period - Backhand shot by Daniel Briere.
5:00 of 1st overtime period - Stopped by Anton Khudobin.
5:00 of 1st overtime period - Penalty Shot by Yanni Gourde for Devils.
5:00 of 1st overtime period - Wrist shot by Yanni Gourde.
5:00 of 1st overtime period - Stopped by Pheonix Copley.
5:00 of 1st overtime period - Penalty Shot by Christian Thomas for Rampage.
5:00 of 1st overtime period - Wrist shot by Christian Thomas.
5:00 of 1st overtime period - Shot Misses the Net.
5:00 of 1st overtime period - Penalty Shot by Colin Miller for Devils.
5:00 of 1st overtime period - Backhand shot by Colin Miller.
5:00 of 1st overtime period - Goal by Colin Miller.
5:00 of 1st overtime period - Penalty Shot by Max Friberg for Rampage.
5:00 of 1st overtime period - Snap shot by Max Friberg.
5:00 of 1st overtime period - Shot Misses the Net.